Map: Orbital Shipyard

Players

Seither - Winner!

  • Race: Terran Terran
  • League: Master

Thrasher

  • Race: Terran Terran

VOD

Have the link to the VOD?

Description

Time

  • Played on: Dec. 15, 2015, 4:27 a.m.
  • Length: 9:15
Show
View Real Time Build Order
Export as new Build Order

Seither Terran - Winner!

Build Orders: Reaper Expand 

Get SALT Encoding   

  12  0:00  SCV  
  13  0:12  SCV  
  14  0:18  Supply Depot  
  14  0:26  SCV  
  15  0:39  SCV  
  15  0:41  Barracks  
  16  0:47  Refinery  
  16  0:52  SCV  
  17  1:04  SCV  
  18  1:19  SCV  
  19  1:31  Reaper  
  19  1:32  Orbital Command  
  20  1:40  Command Center  
  20  1:57  Supply Depot  
  20  1:59  SCV  
  21  2:03  Marine  
  22  2:11  SCV  
  22  2:12  Factory  
  23  2:17  Refinery  
  23  2:23  SCV  
  23  2:28  Barracks Reactor  
  24  2:35  SCV  
  25  2:47  SCV  
  26  2:53  Orbital Command  
  26  2:57  Starport  
  26  2:59  SCV  
  26  3:03  Factory Tech Lab  
  27  3:11  SCV  
  28  3:21  Marine x2  
  28  3:22  SCV  
  28  3:24  SCV  
  32  3:28  Cyclone  
  35  3:34  SCV, Supply Depot  
  35  3:36  SCV  
  35  3:40  Marine x2  
  39  3:45  Viking  
  39  3:46  SCV  
  39  3:48  SCV, Supply Depot  
  42  3:58  SCV, Marine x2  
  42  4:00  SCV  
  46  4:09  Refinery  
  46  4:10  SCV, Refinery  
  46  4:11  Supply Depot  
  46  4:12  SCV  
  46  4:16  Fusion Core  
  48  4:19  Marine x2  
  48  4:22  SCV  
  51  4:24  SCV  
  51  4:29  Banshee  
  55  4:35  SCV  
  55  4:36  SCV  
  55  4:37  Factory Tech Lab, Engineering Bay  
  57  4:44  Marine x2  
  59  4:47  SCV  
  59  4:48  SCV  
  52  5:15  Banshee  
  52  5:17  SCV x2  
  52  5:18  Marine x2  
  59  5:24  Hyperflight Rotors  
  59  5:30  Missile Turret  
  59  5:32  Command Center, Missile Turret  
  56  5:44  SCV x2, Marine x2  
  58  5:52  Supply Depot  
  58  5:56  SCV x2  
  57  6:02  Banshee  
  57  6:03  Siege Tank  
  63  6:08  SCV x2  
  65  6:13  Supply Depot  
  65  6:18  Marine x2  
  66  6:19  Terran Infantry Weapons Level 1  
  66  6:20  SCV x2  
  69  6:32  SCV  
  69  6:33  SCV  
  69  6:38  Siege Tank, Marine x2  
  76  6:43  Supply Depot  
  76  6:44  Supply Depot  
  76  6:45  SCV x2  
  78  6:52  Banshee  
  59  6:54  Orbital Command  
  81  6:57  SCV  
  82  7:03  Cloaking Field  
  82  7:11  Barracks  
  82  7:14  Barracks  
  81  7:17  SCV x2  
  81  7:21  Supply Depot  
  81  7:26  SCV  
  81  7:27  Supply Depot, Marine x2  
  81  7:28  Siege Tank  
  81  7:29  SCV  
  88  7:35  SCV  
  91  7:38  Supply Depot, SCV  
  91  7:42  Banshee  
  93  7:48  Marine x2  
  93  7:50  SCV x2  
  97  7:53  SCV, Engineering Bay  
  97  7:56  Armory  
  95  7:59  Orbital Command  
  95  8:02  SCV  
  95  8:04  Barracks Tech Lab  
  95  8:05  Barracks Tech Lab  
  96  8:08  SCV  
  97  8:14  Barracks  
  97  8:15  Barracks  
  97  8:19  Siege Tank  
  100  8:24  Refinery  
  100  8:27  Banshee  
  100  8:28  Missile Turret  
  100  8:30  SCV x2, Refinery  
  100  8:32  Marine x3  
  108  8:42  Marine  
  108  8:46  SCV x3  
  112  8:50  Marine  
  112  8:51  Supply Depot x2  
  116  9:07  Barracks Reactor x2  
  116  9:10  Barracks Tech Lab  
  116  9:11  Barracks Tech Lab  
  116  9:14  Ghost Academy  
Show
View Real Time Build Order
Export as new Build Order

Thrasher Terran 

Build Orders: 1/1/1, Hellion Banshee 

Get SALT Encoding   

  12  0:01  SCV  
  13  0:13  SCV  
  14  0:18  Supply Depot  
  14  0:25  SCV  
  15  0:29  Refinery  
  15  0:39  SCV  
  16  0:46  Barracks  
  16  0:51  SCV  
  17  1:03  SCV  
  18  1:08  Supply Depot  
  18  1:16  SCV  
  19  1:33  Factory, Orbital Command  
  19  1:34  Marine  
  20  1:44  Refinery  
  20  1:59  SCV  
  21  2:05  Barracks Reactor  
  21  2:13  SCV  
  22  2:18  Starport  
  22  2:25  SCV  
  22  2:27  Supply Depot  
  20  2:59  SCV  
  20  3:00  Barracks Tech Lab, Hellion x2  
  23  3:18  SCV  
  22  3:29  Hellion x2  
  22  3:30  SCV, Banshee  
  22  3:32  Cloaking Field  
  30  3:38  Barracks Reactor  
  30  3:42  SCV  
  31  3:50  Supply Depot  
  31  3:54  SCV  
  32  3:58  Hellion  
  32  3:59  Hellion  
  36  4:07  SCV  
  37  4:13  Banshee  
  40  4:17  Marine x2  
  40  4:19  SCV  
  41  4:35  SCV  
  41  4:37  Command Center  
  35  5:15  SCV  
  35  5:19  Marine x2  
  35  5:20  Barracks  
  38  5:22  Barracks x2  
  38  5:37  Command Center, Marine x2  
  36  5:57  SCV  
  36  5:59  Orbital Command  
  34  6:24  Marine  
  34  6:25  Marine x3  
  37  6:26  Viking x2  
  39  6:35  Barracks Tech Lab  
  36  6:40  Engineering Bay  
  34  6:51  Orbital Command  
  25  7:18  SCV x3  
  25  7:22  Refinery  
  28  7:35  SCV x3  
  29  7:47  SCV x2  
  31  7:55  SCV  
  26  7:59  SCV x2, Barracks Tech Lab, Barracks Reactor  
  26  8:07  SCV  
  26  8:11  SCV  
  28  8:15  SCV  
  28  8:18  Refinery  
  29  8:21  SCV  
  29  8:23  SCV  
  31  8:27  SCV  
  31  8:33  SCV  
  33  8:35  SCV  
  33  8:39  SCV  
  35  8:42  Viking x2  
  35  8:45  SCV  
  43  8:50  SCV  
  43  8:51  SCV  
  45  8:57  SCV  
Tags
 
Add a new tag
Caveats
  • Supply blocks, unpowered buildings, or Contaminate may cause inaccurate times.
  • Supply counts are checked every 10 seconds.